 Dungeon Crawl Stone Soup version 0.14-a0-629-g748cab2 (webtiles) character file.

2009 Malachi the Insei (level 8, 0/63 HPs)
             Began as a Grey Draconian Transmuter on Nov 5, 2013.
             Shot with an arrow by a centaur (16 damage)
             ... on Level 7 of the Dungeon.
             The game lasted 00:20:34 (7926 turns).

Malachi the Insei (Grey Draconian Transmuter)       Turns: 7926, Time: 00:20:34

HP   0/63        AC  2     Str 12      XL: 8   Next: 83%
MP   7/12        EV 24     Int 16      God:
Gold 212         SH  0     Dex 17      Spells:  3 memorised,  5 levels left

Res.Fire  : + . .   See Invis. : .     - Unarmed
Res.Cold  : x . .   Warding    : .   (armour unavailable)
Life Prot.: . . .   Conserve   : .   (shield currently unavailable)
Res.Poison: x       Res.Corr.  : .   (helmet currently unavailable)
Res.Elec. : .       Clarity    : .   (cloak currently unavailable)
Sust.Abil.: . .     Spirit.Shd : .   E - melded +1 pair of gloves "Smaupy" {Acc+4 Stlth--}
Res.Mut.  : .       Stasis     : .   (boots currently unavailable)
Res.Rott. : .       Flight     : .   (no amulet)
Saprovore : . . .                    (no ring)
                                     G - ring of fire

@: spider-form (expiring), drained, quick, slightly resistant to hostile
enchantments, unstealthy
A: walk through water, unfitting armour, (unbreathing), AC +11
a: End Transformation


You were on level 7 of the Dungeon.
You were hungry.
You were in spider-form.
You visited 1 branch of the dungeon, and saw 7 of its levels.

You collected 212 gold pieces.

Inventory:

Hand weapons
 i - a +0,+0 club
 u - a +0 blowgun
Missiles
 b - 9 arrows
 n - 9 poisoned arrows
 o - 22 bolts
 s - a throwing net (quivered)
 v - 12 poisoned needles
 y - 7 arrows of dispersal
Armour
 t - a +1 pair of gauntlets
 E - the +1 pair of gloves "Smaupy" (melded) {Acc+4 Stlth--}
   (You found it on level 5 of the Dungeon)

   It affects your accuracy (+4).
   It makes you much less stealthy.
Comestibles
 a - 3 bread rations
 l - a meat ration
 B - a slice of pizza
Scrolls
 e - 3 scrolls of identify
 k - a scroll of recharging {unknown}
 m - a scroll of noise
 p - a scroll of enchant armour
 r - 3 scrolls of teleportation
 w - a scroll of fear
 C - a scroll of remove curse
 F - a scroll of enchant weapon II
 J - a scroll of fog
 K - a scroll of curse weapon {unknown}
 N - a scroll of random uselessness {unknown}
Jewellery
 G - a ring of fire (left front leg)
Potions
 c - 3 potions of curing
 f - 4 potions of speed
 g - a potion of restore abilities
 h - 3 potions of resistance
 j - 2 potions of brilliance
 q - 2 potions of heal wounds
 x - a potion of mutation {unknown}
 A - a potion of confusion {unknown}
 D - a potion of paralysis {unknown}
 H - a potion of degeneration {unknown}
 M - a potion of magic {unknown}
Books
 d - a book of Changes

   Spells                             Type                      Level
   *Beastly Appendage                 Transmutation                1
   *Sticks to Snakes                  Transmutation                2
   *Spider Form                       Transmutation/Poison         3
   Ice Form                           Ice/Transmutation            4
   Blade Hands                        Transmutation                5


   Skills:
 + Level 4.1(3.7) Fighting
 + Level 6.6(6.1) Dodging
 * Level 7.4(6.9) Unarmed Combat
 - Level 2.0(1.6) Spellcasting
 * Level 4.7(4.2) Transmutations
 * Level 1.4(1.0) Poison Magic


You had 5 spell levels left.
You knew the following spells:

 Your Spells              Type           Power        Failure   Level  Hunger
a - Beastly Appendage     Trmt           ###...       14%         1    ##.....
b - Sticks to Snakes      Trmt           ###.......   21%         2    ###....
c - Spider Form           Trmt/Pois      #.........   41%         3    ####...


Dungeon Overview and Level Annotations

Branches:
Dungeon (7/27)             Temple (0/1) D:6
    Orc: D:6-11

Altars:
Ashenzari
Cheibriados
Xom

Annotations:
D:6 4tharraofdagon's ghost, average DjFE
D:7 Dowan


Innate Abilities, Weirdness & Mutations

You can walk through water.
((Your dull iron-grey scales are very hard (AC +11).))*
Your body does not fit into most forms of armour.
Your cold-blooded metabolism reacts poorly to cold.
((You can survive without breathing.))*


Message History

* * * LOW HITPOINT WARNING * * *
You barely miss Dowan.
Dowan is heavily wounded.
Dowan completely misses you. The orc warrior closely misses you.
A giant frog skeleton comes into view.
You barely miss Dowan.
Dowan is heavily wounded.
Dowan gestures wildly while chanting.
Dowan blinks!
A kobold comes into view.
Your transformation is almost over.
The kobold shouts!
Dowan casts a spell.
Dowan blinks!
The centaur shouts!
The centaur wields an uncursed bow.
The centaur shoots an arrow.
The arrow misses you.
You see here an arrow.
The centaur shoots an arrow.
The arrow hits you!
You die...

#.#####.%.....#
#######......c#
#.....'.......#
#.#####.......# #(#
##.......# #.# #........#
#.# #.....##.# #(#
#.....##.######## #.#
#......(s.......# #)#
######o#........#
####.#########.###########
................K..>.......
##...#########H#.#.#######
#...# #.#.#.###...### #...#
#z#.#.........#
#...#########.#.#####...#.#
###.........#.......'...#.#


You could see an orc warrior and a centaur.

Vanquished Creatures
  Grinder (D:5)
  A hippogriff (D:5)
  2 ice beasts
  A phantom (D:4)
  An ogre (D:5)
  Duvessa (D:7)
  3 centaurs
  2 giant frogs (D:6)
  4 crimson imps
  2 hounds
  2 orc wizards
  An iguana (D:4)
  5 worker ants
  Ijyb (D:1)
  7 adders
  An iguana skeleton (D:7)
  2 giant geckos (D:5)
  14 orcs
  11 goblins
  11 hobgoblins
  12 jackals
  4 quokkas
  A ball python (D:3)
  6 bats
  5 giant cockroaches
  A giant gecko zombie (D:7)
  6 giant newts
  A jackal skeleton (D:4)
  15 kobolds
  A kobold skeleton (D:7)
  2 quokka zombies (D:5)
  8 rats
  A rat zombie (D:5)
  A ballistomycete (D:7)
137 creatures vanquished.

Vanquished Creatures (collateral kills)
  A jelly (D:5)
  A worker ant (D:4)
  An orc (D:7)
3 creatures vanquished.

Vanquished Creatures (others)
  A gnoll (D:5)
  An adder (D:7)
  2 jackals (D:5)
  A kobold (D:5)
  A giant spore (D:7)
6 creatures vanquished.

Grand Total: 146 creatures vanquished

Notes
Turn   | Place    | Note
--------------------------------------------------------------
     0 | D:1      | Malachi, the Draconian Transmuter, began the quest for the Orb.
     0 | D:1      | Reached XP level 1. HP: 16/16 MP: 1/1
   191 | D:1      | Reached XP level 2. HP: 12/23 MP: 3/3
  1059 | D:2      | Noticed Ijyb
  1587 | D:2      | Reached XP level 3. HP: 28/28 MP: 4/4
  1591 | D:2      | Learned a level 2 spell: Sticks to Snakes
  1595 | D:2      | Learned a level 3 spell: Spider Form
  1758 | D:1      | Killed Ijyb
  2469 | D:2      | Reached skill level 4 in Unarmed Combat
  2478 | D:2      | Found a shattered altar of Ashenzari.
  2478 | D:2      | Found a snail-covered altar of Cheibriados.
  2510 | D:2      | Reached XP level 4. HP: 33/35 MP: 6/6
  3050 | D:3      | Noticed a centaur
  3057 | D:3      | Killed a centaur
  3057 | D:3      | Reached XP level 5. HP: 29/41 MP: 5/7
  3360 | D:4      | Noticed a phantom
  3415 | D:4      | Killed a phantom
  3667 | D:4      | Reached XP level 6. HP: 40/49 MP: 9/9
  3822 | D:4      | Reached skill level 5 in Unarmed Combat
  4609 | D:5      | Entered Level 5 of the Dungeon
  4804 | D:5      | Your scales start taking on a dull iron-grey colour.
  4804 | D:5      | Gained mutation: You can survive without breathing. [draconian maturity]
  4804 | D:5      | Reached XP level 7. HP: 42/55 MP: 6/10
  4905 | D:5      | Found a shimmering altar of Xom.
  5075 | D:5      | Reached skill level 6 in Unarmed Combat
  5203 | D:5      | Reached skill level 5 in Dodging
  5301 | D:5      | Noticed Grinder
  5309 | D:5      | Paralysed by Grinder for 2 turns
  5322 | D:5      | Paralysed by Grinder for 3 turns
  5726 | D:5      | Paralysed by Grinder for 5 turns
  5737 | D:5      | Paralysed by Grinder for 7 turns
  5752 | D:5      | Paralysed by Grinder for 4 turns
  5761 | D:5      | Killed Grinder
  6317 | D:5      | Reached XP level 8. HP: 29/62 MP: 12/12
  6429 | D:5      | Got a pair of fine gloves
  6433 | D:5      | Identified the +1 pair of gloves "Smaupy" {Acc+4 Stlth--} (You found it on level 5 of the Dungeon)
  6763 | D:6      | Found a staircase to the Ecumenical Temple.
  6883 | D:6      | Reached skill level 7 in Unarmed Combat
  7123 | D:6      | Noticed 4tharraofdagon's ghost (average DjFE)
  7310 | D:7      | Reached skill level 1 in Poison Magic
  7350 | D:7      | Noticed Dowan
  7351 | D:7      | Noticed Duvessa
  7378 | D:7      | Killed Duvessa
  7926 | D:7      | Shot with an arrow by a centaur

Action                   |  1- 3 |  4- 6 |  7- 9 || total
-------------------------+-------+-------+-------++-------
Melee: Unarmed           |   184 |   233 |   256 ||   673
 Fire: Blowgun           |       |     6 |       ||     6
 Cast: Beastly Appendage |     3 |     8 |     8 ||    19
       Sticks to Snakes  |     2 |    10 |    20 ||    32
       Spider Form       |       |     1 |     1 ||     2
 Abil: End Transformatio |       |       |     1 ||     1
  Use: Scroll            |     5 |    11 |     5 ||    21
       Potion            |       |     2 |       ||     2
 Stab: Distracted        |       |     1 |     2 ||     3
